 Dungeon Crawl Stone Soup version 0.31-a0-344-gd109795599 (webtiles) character file.

Game seed: 2924558271311476270

348 LeprechaunX the Ruffian (level 6, -5/38 HPs)
             Began as an Octopode Shapeshifter on July 21, 2023.
             Was a Believer of Jiyva.
             Slain by an orc warrior
             ... wielding a +0 battleaxe
              (18 damage)
             ... on level 4 of the Dungeon.
             The game lasted 00:02:52 (1932 turns).

LeprechaunX the Ruffian (Octopode Shapeshifter)     Turns: 1932, Time: 00:02:53

Health: -5/38      AC:  1    Str: 16    XL:     6   Next: 60%
Magic:  6/6        EV: 13    Int: 11    God:    Jiyva [**....]
Gold:   68         SH:  0    Dex: 12    Spells: 5/5 levels left

rFire   . . .        p - +7 short sword "Keon" {heavy, rElec}
rCold   . . .        (no shield)
rNeg    . . .        (helmet currently unavailable)
rPois   .            (no amulet)
rElec   +            d - ring of flight
rCorr   +            (no ring)
SInv    .            (no ring)
Will    .....        (no ring)
Stlth   ++           (no ring)
HPRegen 1.22/turn    (no ring)
MPRegen 0.40/turn    (no ring)
                     (no ring)

%: no passive effects
@: beast-form, flying
A: beast (slay +2), almost no armour, amphibious, 8 rings, camouflage 1,
gelatinous body 1, (nimble swimmer 1), tentacles
a: Begin Untransformation, Renounce Religion


You were on level 4 of the Dungeon.
You worshipped Jiyva.
Jiyva was pleased with you.
You were a hulking beast.
You visited 1 branch of the dungeon, and saw 4 of its levels.

You collected 68 gold pieces.

Inventory:

Hand Weapons
 p - the +7 short sword "Keon" (weapon) {heavy, rElec}
   (You found it on level 3 of the Dungeon)

   rElec:     It insulates you from electricity.
Missiles
 f - 3 silver boomerangs (quivered)
 k - 3 atropa-tipped darts
Jewellery
 d - a ring of flight (left tentacle)
Talismans
 b - a beast talisman
Scrolls
 c - 3 scrolls of noise {unknown}
 e - 3 scrolls of identify {unknown}
 i - 2 scrolls of teleportation {unknown}
 m - a scroll of poison {unknown}
 n - a scroll of silence {unknown}
 o - a scroll of brand weapon {unknown}
 q - a scroll of fear {unknown}
Potions
 a - a potion of lignification
 g - a potion of haste {unknown}
 h - a potion of attraction {unknown}
 j - 2 potions of heal wounds {unknown}
 l - a potion of mutation {unknown}
 r - a potion of curing {unknown}


   Skills:
 - Level 1.0 Fighting
 + Level 1.4 Short Blades
 - Level 2.0 Dodging
 * Level 5.9 Unarmed Combat
 + Level 4.2 Shapeshifting


You had 5 spell levels left.
You didn't know any spells.
Your spell library contained the following spells:

 Spells                   Type           Power      Damage    Failure   Level
 Animate Dead             Necr           0%         N/A       98%         4
 Borgnjor's Vile Clutch   Necr/Erth      0%         N/A       100%        5
 Death Channel            Necr           0%         N/A       100%        6
 Simulacrum               Ice/Necr       0%         N/A       100%        6
 Ozocubu's Refrigeration  Ice            0%         4d7       100%        7
 Polar Vortex             Ice            0%         N/A       100%        9


Dungeon Overview and Level Annotations

Branches:
Dungeon (4/15)
 Temple: D:4-7

Altars:
Xom
Jiyva


Innate Abilities, Weirdness & Mutations

You are a hulking beast.
Your limbs bulge with bestial killing power. (Slay +2)
You cannot wear most types of armour.
You are amphibious.
You can wear up to eight rings at the same time.
Your skin changes colour to match your surroundings (Stealth+).
Your rubbery body absorbs attacks. (AC +1, EV +1)
((You are camouflaged when in or above water. (Stealth+)))
You have tentacles for arms and can constrict up to eight enemies at once.


Message History

You kill the orc!
You puncture the orc wizard! You grab the orc wizard.
You squeeze the orc wizard.
You kill the orc wizard!
The orc barely misses you.
You closely miss the orc. You grab the orc. You constrict the orc.
The orc barely misses you. The orc hits you with a +0 short sword.
The orc misses you.
You puncture the orc!
You kill the orc!
An orc warrior comes into view. It is wielding a +0 battleaxe.
The orc hits you with a +0 short sword.
The orc warrior shouts!
You hit the orc. Your grab misses the orc. You tentacle-slap the orc.
You kill the orc!
The orc warrior barely misses you.
Items here: ))) ††.
You hit the orc warrior but do no damage.
You grab the orc warrior.
You constrict the orc warrior, but do no damage.
The orc warrior barely misses you.
You hit the orc warrior but do no damage.
You constrict the orc warrior.
The orc warrior hits you with a +0 battleaxe!!
The orc warrior misses you.
You puncture the orc warrior!
The orc warrior is severely wounded.
You constrict the orc warrior, but do no damage.
The orc warrior hits you with a +0 battleaxe!
* * * LOW HITPOINT WARNING * * *
You are too injured to fight recklessly!
You hit the orc warrior but do no damage.
The orc warrior is severely wounded.
You constrict the orc warrior. The orc warrior barely misses you.
You hit the orc warrior.
The orc warrior is almost dead.
You constrict the orc warrior, but do no damage.
The orc warrior barely misses you.
The orc warrior hits you with a +0 battleaxe!!
You die...

##. ## .. # .... #.#
.#. ....# ..#.. ##
#...# #...#. #...8
#....## #...# #oh)## #
#...# ###..# .#
#...##########.#..#
#####..†......).......#
......†......#####..#.#
#######.####..........#
#.# #.########## #.#
#.# #.# #.#


You could see an orc warrior.

Vanquished Creatures
  An ogre (D:3)
  A scorpion (D:4)
  An orc priest (D:4)
  2 orc wizards (D:4)
  Terence (D:2)
  4 adders
  3 worms
  A dart slug (D:2)
  7 orcs (D:4)
  3 giant cockroaches
  3 goblins
  6 hobgoblins
  4 jackals (D:1)
  3 kobolds
  2 quokkas
  A ball python (D:3)
  3 bats
  3 frilled lizards (D:1)
  5 rats
54 creatures vanquished.

Vanquished Creatures (others)
  An adder (D:2)
  A worm (D:2)
  A dart slug (D:3)
  A hobgoblin (D:2)
  A bat (D:2)
  2 rats (D:2)
7 creatures vanquished.

Grand Total: 61 creatures vanquished

Notes
Turn   | Place    | Note
-------+----------+-------------------------------------------
     0 | D:1      | LeprechaunX the Octopode Shapeshifter began the quest for
                  | the Orb.
     0 | D:1      | Reached XP level 1. HP: 13/13 MP: 1/1
    78 | D:1      | Reached XP level 2. HP: 18/18 MP: 2/2
   149 | D:1      | Found a faded altar of an unknown god.
   701 | D:1      | You are sucked into a shaft and drop 1 floor!
   923 | D:1      | Prayed at the altar of an unknown god.
   923 | D:1      | Became a worshipper of Jiyva Jyllen the Shapeless
   923 | D:1      | Reached * piety under Jiyva
   953 | D:2      | Noticed Terence
   957 | D:2      | Killed Terence
   958 | D:2      | Reached skill level 4 in Unarmed Combat
   958 | D:2      | Reached XP level 3. HP: 11/23 MP: 3/3
   962 | D:2      | Identified the -2 pair of gloves "Ameuw Kobo" {Will+ Str+3
                  | Stlth+}
   978 | D:2      | Found a shimmering altar of Xom.
  1432 | D:3      | Reached XP level 4. HP: 27/28 MP: 4/4
  1435 | D:3      | Reached ** piety under Jiyva
  1653 | D:3      | Noticed an ogre
  1661 | D:3      | Killed an ogre
  1662 | D:3      | Reached skill level 5 in Unarmed Combat
  1662 | D:3      | Reached XP level 5. HP: 33/33 MP: 5/5
  1677 | D:3      | Identified the +7 short sword "Keon" {heavy, rElec}
  1909 | D:4      | Reached XP level 6. HP: 33/38 MP: 6/6
  1912 | D:4      | Reached skill level 1 in Short Blades
  1925 | D:4      | Noticed an orc warrior
  1932 | D:4      | Slain by an orc warrior

Illustrated notes

Levels and vault maps discovered:
D:1:      mushboom_english_gardens, layout_basic,
          shapermc_ecumenical_altar_mp_vishouse, minmay_split_cup_large
D:2:      layout_rooms, serial_rivers, chequers_serial_rivers_small_b,
          chequers_serial_rivers_micro_b, chequers_serial_rivers_small_3,
          chequers_serial_rivers_micro_e, chequers_serial_rivers_small_a,
          basic_altar, kennysheep_path_1, serial_bayou_pond_c, uniq_terence
D:3:      layout_rooms, dreamdust_mushroom_princess,
          hangedman_abyss_or_decor_stabs, nicolae_figureground_pulse
D:4:      layout_loops_ring, chequers_serial_rivers_micro_e,
          guppyfry_early_orc_mine

Skill      XL: |  1  2  3  4  5  6 |
---------------+-------------------+-----
Unarmed Combat | 4 5 |  5.9
Shapeshifting  | 4 |  4.2
Short Blades   | 1 |  1.4
Fighting       | |  1.0
Dodging        | |  2.0

Action                     |  1- 3 |  4- 6 || total
---------------------------+-------+-------++-------
  Melee: Unarmed           |    50 |    20 ||    70
         Constrict         |    14 |    13 ||    27
         Tentacles         |    13 |    10 ||    23
         Punch             |     1 |     3 ||     4
         Short sword       |       |    30 ||    30
  Throw: Boomerang         |       |     1 ||     1
   Stab: Sleeping          |     5 |     2 ||     7
 Armour: Skin              |     2 |       ||     2
  Dodge: Dodged            |    22 |    27 ||    49

Table legend: (Time is in decaauts)
 A = Elapsed time spent in this place.
 B = Non-inter-level travel time spent in this place.
 C = Inter-level travel time spent in this place.
 D = Time resting spent in this place.
 E = Time spent auto-exploring this place.
 F = Levels seen in this place.
 G = Mean time per level.
                   A        B        C        D        E       F      G
               +--------+--------+--------+--------+--------+-----+--------+
         Total |   1939 |   1849 |     90 |      0 |   1541 |   4 |  484.8 |
       Dungeon |   1939 |   1849 |     90 |      0 |   1541 |   4 |  484.8 |
               +--------+--------+--------+--------+--------+-----+--------+

Top non-repeatable levels by time:
     D:1: 898 daAuts
     D:2: 508 daAuts
     D:3: 424 daAuts
     D:4: 108 daAuts
